 Dungeon Crawl Stone Soup version 0.14-a0-218-g24e112a (webtiles) character file.

48 Malachi the Skirmisher (level 2, -2/26 HPs)
             Began as a Naga Abyssal Knight on Oct 9, 2013.
             Was a Follower of Lugonu.
             Slain by a kobold
             ... wielding a +0,+1 short sword
              (5 damage)
             ... on Level 1 of the Dungeon.
             The game lasted 00:01:11 (671 turns).

Malachi the Skirmisher (Naga Abyssal Knight)         Turns: 671, Time: 00:01:11

HP  -2/26        AC  2     Str 14      XL: 2   Next: 41%
MP   2/2         EV  7     Int 12      God: Lugonu [*.....]
Gold 34          SH  6     Dex 10      Spells:  0 memorised,  1 level left

Res.Fire  : . . .   See Invis. : +   h - +2,+0 whip (drain)
Res.Cold  : . . .   Warding    : .   b - +0 leather armour
Life Prot.: . . .   Conserve   : .   i - +0 buckler
Res.Poison: +       Res.Corr.  : .   (no helmet)
Res.Elec. : .       Clarity    : .   (no cloak)
Sust.Abil.: . .     Spirit.Shd : .   (no gloves)
Res.Mut.  : .       Stasis     : .   (no barding)
Res.Rott. : .       Flight     : .   (no amulet)
Saprovore : . . .                    (no ring)
                                     (no ring)

@: short of breath, heavily drained, very slow, slightly resistant to hostile
enchantments, very unstealthy
A: spit poison, see invisible, deformed body, poison resistance, slowness 2
a: Spit Poison, Depart the Abyss, Renounce Religion


You were on level 1 of the Dungeon.
You worshipped Lugonu.
Lugonu was aware of your devotion.
You were not hungry.

You visited 1 branch of the dungeon, and saw 1 of its levels.
You visited the Abyss 1 time.

You collected 14 gold pieces.

Inventory:

Hand weapons
 a - a +2,+2 spear
 h - a +2,+0 whip of draining (weapon)
Armour
 b - a +0 leather armour (worn)
 e - a +0 orcish large shield
 i - a +0 buckler (worn)
Comestibles
 c - a bread ration
Scrolls
 f - a scroll of amnesia {unknown}
 g - a scroll of blinking {unknown}
Potions
 d - a potion of confusion {unknown}


   Skills:
 + Level 3.4(1.9) Fighting
 + Level 2.1(0.6) Polearms
 + Level 1.7(0.3) Armour
 + Level 1.0(0.0) Dodging
 + Level 2.0(0.6) Invocations


You had one spell level left.
You didn't know any spells.

Dungeon Overview and Level Annotations

Branches:
Dungeon (1/27)

Altars:


Innate Abilities, Weirdness & Mutations

You cannot wear boots.
You can spit poison.
You have supernaturally acute eyesight.
Armour fits poorly on your strangely shaped body.
Your system is resistant to poisons.
You cover ground very slowly.


Message History

The kobold throws a stone.
The stone hits you! You block the kobold's attack.
You closely miss the kobold. The kobold closely misses you.
You closely miss the kobold. The kobold hits you but does no damage.
You barely miss the kobold. The hobgoblin hits you.
The kobold hits you with a short sword.
* * * LOW HITPOINT WARNING * * *
You are too injured to fight recklessly!
You are too injured to fight recklessly!
Use which ability? (? or * to list)
Press: ? - help, Shift-Dir - straight line, f - kobold
Aim: a kobold, wielding a short sword The splash of poison misses the kobold.
You feel slightly more hungry. The hobgoblin hits you.
* * * LOW HITPOINT WARNING * * *
The kobold barely misses you.
You barely miss the hobgoblin.
The hobgoblin hits you but does no damage.
The kobold hits you with a short sword.
You die...

##### #...# . #...####
## ... #......# .##....
#......# .......
#.#....# .......
##.#....# #####K...####
...+....# #..>@g.......
####....# ###.#....####
# #.#### #.(.#....# #
#.########.#.#....#
####.##.........###...#
.......................
.###.##.##........#...
.###....##........# .
.........#........#


You could see a hobgoblin and a kobold.

Vanquished Creatures
  2 ball pythons (D:1)
  2 giant cockroaches (D:1)
  3 hobgoblins (D:1)
  2 kobolds (D:1)
  A giant newt (D:1)
  A rat (D:1)
11 creatures vanquished.

Notes
Turn   | Place    | Note
--------------------------------------------------------------
     0 | Abyss:1  | Malachi, the Naga Abyssal Knight, began the quest for the Orb.
     0 | Abyss:1  | Reached XP level 1. HP: 19/19 MP: 1/1
     7 | D:1      | Escaped the Abyss
   375 | D:1      | Reached XP level 2. HP: 15/26 MP: 2/2
   408 | D:1      | Reached skill level 1 in Dodging
   671 | D:1      | Slain by a kobold

Action                   || total
-------------------------++-------
Melee: Spear             ||    47
       Whip              ||     4
 Abil: Spit Poison       ||     2
